 Dungeon Crawl Stone Soup version 0.29.1-12-g30fa7ad0bf (webtiles) character file.

Game seed: 13989118375119996546

117964 concernfroge the Marksmummy (level 16, -4/122 HPs)
             Began as a Mummy Monk on Dec 25, 2022.
             Was a High Priest of Makhleb.
             Killed by divine providence
             ... invoked by Saint Roka
              (10 damage)
             ... on level 2 of the Orcish Mines.
             The game lasted 02:05:34 (28898 turns).

concernfroge the Marksmummy (Mummy Monk)           Turns: 28898, Time: 02:05:35

Health: -4/122     AC: 16    Str: 17    XL:     16   Next: 24%
Magic:  30/30      EV: 36    Int:  9    God:    Makhleb [*****.]
Gold:   1797       SH:  0    Dex: 26    Spells: 33/35 levels left

rFire   + . .      SeeInvis +   a - +4 arbalest (flame)
rCold   + + .      Faith    .   (shield currently unavailable)
rNeg    + + +      Spirit   .   Q - +3 leather armour {rC+ rF+}
rPois   ∞          Reflect  .   j - +2 helmet
rElec   +          Harm     .   z - +2 cloak
rCorr   .          Rampage  +   A - +0 pair of gloves of Whack-A-Mole {Rampage +Inv rElec Dex+6}
Will    ++...                   L - +2 pair of boots {rampage}
Stlth   ++........              E - amulet of the acrobat
HPRegen 0.30/turn               h - ring of see invisible
MPRegen 0.22/turn               v - ring of protection from fire

@: acrobatic
A: cold resistance 1, negative energy resistance 3, torment resistance 2, heat
vulnerability 1, in touch with death 2, no potions
a: Renounce Religion, Evoke Invisibility, Minor Destruction, Lesser Servant of
Makhleb, Major Destruction, Greater Servant of Makhleb


You were on level 2 of the Orcish Mines.
You worshipped Makhleb.
Makhleb was extremely pleased with you.
You visited 4 branches of the dungeon, and saw 23 of its levels.
You also visited: Gauntlet and Ice Cave.

You collected 2816 gold pieces.
You spent 1019 gold pieces at shops.

Inventory:

Hand Weapons
 a - a +4 arbalest of flaming (weapon)
 D - the +9 broad axe "Lautz" {protect, Dex+6}
   (You took it off a minotaur in a Gauntlet)

   It grants its wielder temporary protection when it strikes (+7 to AC).
   Dex:       It affects your dexterity (+6).
Missiles
 c - 187 stones
 t - 25 boomerangs
 y - 16 atropa-tipped darts
 J - a throwing net
 O - 8 javelins
 R - 39 poisoned darts
 T - 9 datura-tipped darts
 U - 4 silver javelins
Armour
 b - the +4 robe of Folly {Brilliance Will-∞ Int+8}
   (You found it in a Gauntlet)

   It increases the power of your magical spells.
   It halves the magic cost of your spells (rounding up).
   It reduces your willpower to zero.
   Int:       It affects your intelligence (+8).
 j - a +2 helmet (worn)
 z - a +2 cloak (worn)
 A - the +0 pair of gloves of Whack-A-Mole (worn) {Rampage +Inv rElec Dex+6}
   (You acquired it on level 11 of the Dungeon)

   Dex:       It affects your dexterity (+6).
   rElec:     It insulates you from electricity.
   +Inv:      It lets you turn invisible.
   Rampage:   It bestows one free step when moving towards enemies.
 L - a +2 pair of boots of rampaging (worn)
 Q - a +3 leather armour of resistance (worn)
Jewellery
 h - a ring of see invisible (left hand)
 i - a +4 ring of slaying
 m - the ring of Summer {+Blink Fly rElec rPois Int-2}
   (You found it on level 2 of the Dungeon)

   [ring of flight]

   Int:       It affects your intelligence (-2).
   rElec:     It insulates you from electricity.
   rPois:     It protects you from poison.
   Fly:       It grants you flight.
   +Blink:    It lets you blink.
 n - the ring "Vyetonug" {rF+ rC+ Str+4 Dex-4}
   (You found it in a Gauntlet)

   [ring of protection from cold]

   Str:       It affects your strength (+4).
   Dex:       It affects your dexterity (-4).
   rF:        It protects you from fire.
   rC:        It protects you from cold.
 o - a +6 ring of strength
 v - a ring of protection from fire (right hand)
 E - an amulet of the acrobat (around neck)
 V - a +6 ring of dexterity
 W - the amulet of the Ant {Acrobat rElec rN++ Str-2}
   (You found it in a Gauntlet)

   [amulet of the acrobat]

   It increases your evasion while moving and waiting.
   Str:       It affects your strength (-2).
   rElec:     It insulates you from electricity.
   rN:        It greatly protects you from negative energy.
Wands
 p - a wand of iceblast (14)
 r - a wand of quicksilver (21)
 w - a wand of charming (25)
 x - a wand of digging (11)
 B - a wand of polymorph (7)
 K - a wand of mindburst (6)
 M - a wand of flame (10)
Scrolls
 d - 3 scrolls of amnesia
 e - a scroll of summoning
 f - 3 scrolls of blinking
 g - a scroll of teleportation
 k - 3 scrolls of poison
 q - a scroll of magic mapping
 s - 2 scrolls of fear
 u - 3 scrolls of enchant armour
 C - 3 scrolls of silence
 F - 3 scrolls of noise
 H - a scroll of fog
 P - a scroll of torment
 S - 4 scrolls of vulnerability
Miscellaneous
 G - a tin of tremorstones (1/2)
 I - a phantom mirror (inert)
 N - a phial of floods (inert)
 X - a lightning rod (4/4)


   Skills:
 - Level 10.0 Fighting
 - Level 2.4 Long Blades
 + Level 15.7 Ranged Weapons
 - Level 4.0 Throwing
 + Level 10.4 Dodging
 - Level 1.5 Stealth
 - Level 10.0 Spellcasting
 - Level 5.0 Translocations
 + Level 11.3 Invocations
 - Level 6.0 Evocations


You had 33 spell levels left.
You knew the following spells:

 Your Spells              Type           Power      Damage    Failure   Level
a - Blink                 Tloc           26%        N/A       3%          2

Your spell library contained the following spells:

 Spells                   Type           Power      Damage    Failure   Level
 Freeze                   Ice            16%        1d4       19%         1
 Magic Dart               Conj           16%        1d3       19%         1
 Slow                     Hex            16%        N/A       19%         1
 Call Imp                 Summ           4%         N/A       26%         2
 Scorch                   Fire           8%         2d5       26%         2
 Searing Ray              Conj           8%         2d4       26%         2
 Confusing Touch          Hex            4%         N/A       47%         3
 Dazzling Flash           Conj/Hex       8%         N/A       47%         3
 Mephitic Cloud           Conj/Pois/Air  4%         N/A       47%         3
 Vampiric Draining        Necr           10%        2d6       47%         3
 Iskenderun's Mystic Bla  Conj/Tloc      9%         2d4       54%         4
 Manifold Assault         Tloc           13%        N/A       54%         5
 Airstrike                Air            2%         2d(1-17)  87%         4
 Anguish                  Hex/Necr       5%         N/A       87%         4
 Flame Wave               Conj/Fire      4%         2d5       87%         4
 Fulminant Prism          Conj/Hex       2%         3d6       87%         4
 Summon Lightning Spire   Summ/Air       4%         N/A       87%         4
 Lightning Bolt           Conj/Air       2%         1d13      99%         5
 Conjure Ball Lightning   Conj/Air       2%         3x3d6     100%        6
 Starburst                Conj/Fire      2%         6d3       100%        6
 Summon Cactus Giant      Summ           2%         N/A       100%        6
 Enfeeble                 Hex            2%         N/A       100%        7
 Malign Gateway           Summ/Tloc      4%         N/A       100%        7
 Summon Hydra             Summ           2%         N/A       100%        7
 Discord                  Hex            2%         N/A       100%        8
 Disjunction              Tloc           6%         N/A       100%        8
 Summon Horrible Things   Summ           2%         N/A       100%        8
 Sublimation of Blood     Necr           Unusable   N/A       N/A         2
 Wereblood                Tmut           Unusable   N/A       N/A         2
 Storm Form               Tmut/Air       Unusable   N/A       N/A         7

Dungeon Overview and Level Annotations

Branches:
Dungeon (15/15)            Temple (1/1) D:5            Lair (5/5) D:8
 Shoals (0/4) Lair:2       Spider (0/4) Lair:3        Slime (0/5) Lair:5
    Orc (2/2) D:12            Elf (0/3) Orc:2        Vaults (0/5) D:14
 Depths (0/4) D:15          IceCv (visited)         Gauntlet (visited)

Altars:
Ashenzari
Cheibriados
Dithmenos
Fedhas
Gozag
Hepliaklqana
Kikubaaqudgha
Makhleb
Nemelex Xobeh
Okawaru
Qazlal
Ru
Sif Muna
Trog
Uskayaw
Vehumet
Wu Jian
Xom
Yredelemnul
Jiyva

Shops:
D:1 =   D:3 *?*   D:10 (   D:15 :

Portals:
Trove: D:10 (give +8 demon blade)

Annotations:
D:11 3 runed translucent doors, exclusions: 3 doors and downstairs, croobank's ghost, journeyman DsCj
Orc:2 Saint Roka


Innate Abilities, Weirdness & Mutations

You are immune to poison.
Your flesh is cold resistant. (rC+)
You are immune to negative energy. (rN+++)
You are immune to unholy pain and torment.
You are vulnerable to heat. (rF-)
You are strongly in touch with the powers of death.
You do not drink.


Message History

Okay, then.
Aiming: Iceblast
Press: ? - help, Shift-Dir - straight line, p - Saint Roka The mass of ice explodes!
The iceblast engulfs the orc priest!!
Makhleb accepts your kill.
You feel better.
The iceblast engulfs Saint Roka!
Flame seeps out of Saint Roka.
Saint Roka is lightly wounded.
The iceblast engulfs your orc!!
You kill your orc!
Your orc's corpse dissolves into shadows!
The orc priest explodes!
The fiery explosion engulfs Saint Roka!
Flame seeps out of Saint Roka.
Saint Roka is lightly wounded.
You hear a shout!
Saint Roka is engulfed in blazing flames.
Flame seeps out of Saint Roka.
Saint Roka mumbles some strange prayers to Beogh against you.
Beogh smites you!
* * * LOW HITPOINT WARNING * * *
The orc warrior barely misses your orc.
The orc warrior shoots a bolt.
The bolt hits your orc!!
Your orc dies!
Your orc's corpse dissolves into shadows!
Okay, then.
As you read the scroll of summoning, it crumbles to dust.
Wisps of shadow whirl around you...
Saint Roka calls down the wrath of Beogh upon you.
Beogh smites you!
* * * LOW HITPOINT WARNING * * *
The orc knight is engulfed in blazing flames.
Flame seeps out of the orc knight.
You swap places.
The orc knight is engulfed in blazing flames.
Flame seeps out of the orc knight.
The orc warrior shoots a bolt.
The bolt barely misses your ogre. The bolt hits your orc sorcerer!
The orc knight seems to regain its courage.
Saint Roka calls down the wrath of Beogh upon you.
Beogh smites you!
You die...

,,,,...o..§.........,,,,,*
##..
,,,oo....o§§§o.....#,,,,,*
#...
,,,,....oo☼§§......,,,,,,*
##.#
,,,,.....T.§o......,,,,,**
##*
,,,,O......o..o#.#,*,,,**
,,,,......#.#Oo#.##,,,**
,,,,.......oooT...#*,**
,,,,.............##***
,,,,............@#,**
,,,,..##.......o#...#*
,,,,.,#..............#
*,*,,*##.#.#.##.#.#.##
****** ##############


You could see Saint Roka (inner flame, strong), an orc knight (inner flame,
strong, ally target), a troll, 2 orc warriors, an orc wizard (strong,
invisible), a friendly troll (summoned), a friendly orc sorcerer (summoned), a
friendly orc warrior (summoned), a friendly ogre (summoned), 2 friendly orc
wizards and 2 friendly orcs.

Vanquished Creatures
  Kirke (D:13)
  Agnes (D:15)
  A frost giant (IceCv)
  An orc warlord (Orc:2)
  Nessos (D:12)
  A minotaur (Gauntlet)
  Snorg (Orc:1)
  2 ettins (Orc:1)
  Josephine (D:15)
  A fire dragon (Lair:1)
  A boulder beetle (D:14)
  6 hydras
  An anaconda (shapeshifter) (D:13)
  2 two-headed ogres
  A death knight (D:14)
  An alligator (Orc:2)
  A centaur warrior (D:13)
  2 dancing weapons (D:14)
  4 death yaks (IceCv)
  2 tengu warriors (D:15)
  4 soul eaters (D:14)
  An orc high priest (Orc:1)
  A sun demon (D:14)
  A death drake (Gauntlet)
  A lindwurm (Lair:5)
  3 wizards
  A deep elf pyromancer (D:14)
  2 wolf spiders (Lair:5)
  Pikel (D:8)
  4 orc knights
  8 cyclopes
  4 ugly things
  12 elephants
  4 orc sorcerers
  Maurice (D:9)
  5 manticores
  2 spectral centaurs (Gauntlet)
  10 black mambas
  Joseph (D:14)
  An ice statue (IceCv)
  A moth of wrath (Gauntlet)
  4 rust devils (D:14)
  2 merfolk sirens (Lair:2)
  A guardian serpent (Lair:5)
  2 smoke demons (D:14)
  2 black mambas (shapeshifter)
  A torpor snail (Lair:1)
  2 gargoyles
  3 orange demons (D:14)
  16 cane toads
  2 unseen horrors
  5 komodo dragons
  A hellwing (D:14)
  9 rime drakes
  3 ice devils (D:14)
  2 merfolk (Lair:2)
  3 red devils (D:14)
  14 polar bears
  5 hornets
  7 trolls
  23 blink frogs
  A tyrant leech (D:9)
  8 slime creatures
  A raiju (Lair:5)
  2 shadows
  6 wraiths
  A vampire (D:9)
  46 yaks
  A ynoxinul (D:14)
  4 basilisks
  4 hogs (D:13)
  4 steam dragons
  14 wyverns
  Eustachio (D:6)
  A golden eye (IceCv)
  3 neqoxecs (D:14)
  2 vampire mosquitoes (D:12)
  2 death yak simulacra (Lair:2)
  3 chaos spawn (D:14)
  12 wargs
  20 water moccasins
  24 orc warriors
  13 hell hounds (Lair:5)
  11 black bears (Lair:5)
  A sky beast (D:7)
  A swamp drake (shapeshifter) (D:15)
  3 ogres
  20 wolves
  15 centaurs
  3 phantoms
  4 kobold brigands
  18 bullfrogs
  3 scorpions
  2 necrophages
  7 wights
  A killer bee (D:9)
  8 howler monkeys
  A lava snake (Lair:1)
  3 crimson imps (Gauntlet)
  8 orc priests
  6 hounds
  2 gnoll boudas (D:7)
  3 iron imps (D:4)
  6 iguanas
  22 orc wizards
  A wolf simulacrum (Lair:2)
  8 adders
  15 gnolls
  A shadow imp (D:8)
  A white imp (D:8)
  A worm (D:3)
  2 dart slugs
  61 orcs
  5 ball pythons
  3 bats
  7 endoplasms
  4 giant cockroaches
  A hobgoblin (D:4)
  6 jackals (D:4)
  A quokka (D:3)
  3 frilled lizards (D:3)
  3 goblins
  15 kobolds
  A rat (D:1)
667 creatures vanquished.

Vanquished Creatures (collateral kills)
  An ettin (D:15)
  A vault guard (D:10)
  3 hydras
  A boulder beetle (D:12)
  A catoblepas (Lair:2)
  2 two-headed ogres
  A tengu warrior (D:14)
  2 cyclopes
  2 elephants (Lair:5)
  A torpor snail (Lair:4)
  2 black mambas
  A smoke demon (Gauntlet)
  A gargoyle (D:12)
  A komodo dragon (Lair:1)
  An efreet (D:14)
  A troll (Orc:2)
  A slime creature (D:13)
  A hornet (D:11)
  2 polar bears
  12 yaks
  2 basilisks
  A steam dragon (D:10)
  3 wargs
  A hell hound (Lair:5)
  3 orc warriors
  A black bear (Lair:2)
  5 wolves
  A bullfrog (D:8)
  A gnoll sergeant (D:11)
  A crimson imp (Gauntlet)
  3 orc priests
  An orc wizard (D:12)
  A gnoll (D:11)
  5 orcs
67 creatures vanquished.

Vanquished Creatures (others)
  A yak (D:10)
  A shadow (D:10)
  An orc wizard (D:6)
  14 demonic plants (Gauntlet)
  A fire vortex (Lair:1)
  39 fungi
  76 plants
  23 withered plants (Gauntlet)
156 creatures vanquished.

Grand Total: 890 creatures vanquished

Notes
Turn   | Place    | Note
-------+----------+-------------------------------------------
     0 | D:1      | concernfroge the Mummy Monk began the quest for the Orb.
     0 | D:1      | Reached XP level 1. HP: 18/18 MP: 1/1
   397 | D:1      | Found Warchy's Jewellery Shop.
   399 | D:1      | Reached XP level 2. HP: 24/24 MP: 2/2
  1218 | D:2      | Found a faded altar of an unknown god.
  1218 | D:2      | Noticed an orange demon
  1358 | D:2      | Identified the ring of Summer {+Blink Fly rElec rPois
                  | Int-2}
  1551 | D:3      | Found Askeuxt's Magic Scroll Shop.
  1611 | D:3      | Bought a scroll of identify for 24 gold pieces
  1614 | D:3      | Bought a scroll of identify for 24 gold pieces
  1645 | D:3      | Gained mutation: You are in touch with the powers of death.
                  | [Mummy growth]
  1645 | D:3      | Reached XP level 3. HP: 30/30 MP: 3/3
  1648 | D:3      | Found Zadutwux's Assorted Antiques.
  1829 | D:4      | Reached skill level 1 in Throwing
  1845 | D:4      | Reached XP level 4. HP: 14/38 MP: 4/4
  2179 | D:4      | Found a burning altar of Makhleb.
  2355 | D:4      | Reached XP level 5. HP: 20/43 MP: 5/5
  2493 | D:4      | Reached skill level 5 in Fighting
  2504 | D:4      | Became a worshipper of Makhleb the Destroyer
  2504 | D:4      | Reached * piety under Makhleb
  2504 | D:4      | Reached ** piety under Makhleb
  2875 | D:4      | Identified the +1 robe of Ru's Righteous Fury {+Inv rPois}
  2899 | D:4      | Reached skill level 1 in Invocations
  2913 | D:4      | Reached XP level 6. HP: 45/51 MP: 5/7
  2949 | D:4      | Found a broken altar of Ashenzari.
  2974 | D:4      | Found an ancient bone altar of Kikubaaqudgha.
  3440 | D:5      | Entered Level 5 of the Dungeon
  3649 | D:3      | Found Lioss's General Store.
  3658 | D:3      | Found Teem's Jewellery Shoppe.
  3825 | D:3      | Found a basalt altar of Yredelemnul.
  4171 | D:3      | Bought a glowing arbalest for 172 gold pieces
  4256 | D:5      | Reached XP level 7. HP: 48/57 MP: 8/8
  4257 | D:5      | Reached *** piety under Makhleb
  4362 | D:5      | Found a staircase to the Ecumenical Temple.
  4368 | Temple   | Entered the Ecumenical Temple
  4922 | D:5      | Reached skill level 1 in Ranged Weapons
  4922 | D:5      | Reached skill level 1 in Evocations
  4988 | D:5      | Found a shimmering blue altar of Sif Muna.
  5014 | D:5      | Got Sif Muna's Quarto of the Glacier
  5083 | D:6      | Reached XP level 8. HP: 36/64 MP: 10/10
  5370 | D:6      | Reached skill level 2 in Ranged Weapons
  5513 | D:6      | Found a hide-covered altar of Uskayaw.
  5558 | D:6      | Noticed Eustachio
  5564 | D:6      | Killed Eustachio
  5809 | D:5      | Reached skill level 3 in Ranged Weapons
  6282 | D:6      | Found a sparkling altar of Nemelex Xobeh.
  6341 | D:6      | Reached XP level 9. HP: 72/72 MP: 12/12
  6828 | D:7      | Found a snail-covered altar of Cheibriados.
  6880 | D:7      | Found a stormy altar of Qazlal.
  6937 | D:7      | Reached **** piety under Makhleb
  7145 | D:7      | Reached skill level 4 in Ranged Weapons
  7788 | D:1      | Bought a ring of see invisible for 195 gold pieces
  7845 | D:3      | Bought a scroll of enchant armour for 90 gold pieces
  8024 | D:8      | Noticed Pikel
  8032 | D:8      | Killed Pikel
  8033 | D:8      | Reached skill level 5 in Ranged Weapons
  8033 | D:8      | Reached XP level 10. HP: 53/82 MP: 13/13
  8035 | D:8      | Reached skill level 5 in Evocations
  8041 | D:8      | Reached skill level 5 in Invocations
  8056 | D:8      | Found a staircase to the Lair.
  8739 | D:9      | Noticed Maurice
  9170 | D:9      | Noticed a cyclops
  9174 | D:9      | Killed a cyclops
  9174 | D:9      | Noticed a two-headed ogre
  9182 | D:9      | Killed a two-headed ogre
  9183 | D:9      | Reached skill level 6 in Ranged Weapons
  9185 | D:9      | Noticed a six-headed hydra
  9189 | D:9      | Killed a six-headed hydra
  9233 | D:9      | Noticed a two-headed ogre
  9235 | D:9      | a two-headed ogre changed into a tyrant leech
  9583 | D:9      | Reached XP level 11. HP: 90/90 MP: 15/15
  9691 | D:9      | Killed Maurice
  9848 | D:10     | Entered Level 10 of the Dungeon
 10061 | D:10     | Found an iron altar of Okawaru.
 10136 | D:10     | Found Elomel's Weapon Shoppe.
 10162 | D:10     | Identified the +1 leather armour "Juewir" {rN+}
 10331 | D:10     | Reached skill level 10 in Fighting
 10551 | D:10     | Noticed a two-headed ogre
 10559 | D:10     | Killed a two-headed ogre
 10560 | D:10     | Reached skill level 7 in Ranged Weapons
 10748 | D:10     | Noticed a two-headed ogre
 10757 | D:10     | Killed a two-headed ogre
 11154 | D:10     | Identified the +10 dagger of Urgency {vorpal, Dex+2}
 11360 | D:10     | Reached skill level 8 in Ranged Weapons
 11411 | D:10     | Noticed a vault guard
 11763 | D:10     | Killed a vault guard
 11827 | D:10     | Bought 2 stones for 3 gold pieces
 11827 | D:10     | Bought 2 throwing nets for 96 gold pieces
 11879 | D:10     | Found a portal to a secret trove of treasure.
 12033 | D:11     | Found a runed translucent gate.
 12034 | D:11     | Found a runed translucent gate.
 12034 | D:11     | Found an opulent altar of Gozag.
 12035 | D:11     | Found a runed translucent gate.
 12036 | D:11     | Noticed an orc knight
 12036 | D:11     | Noticed croobank's ghost (journeyman DsCj)
 12037 | D:11     | Noticed a stone giant
 12037 | D:11     | Noticed a four-headed hydra
 12037 | D:11     | Noticed a brown ugly thing
 12066 | D:11     | Reached skill level 9 in Ranged Weapons
 12217 | D:11     | Learned a level 2 spell: Blink
 12220 | D:11     | You are sucked into a shaft and drop 3 floors!
 12288 | D:13     | Noticed a centaur warrior
 12291 | D:13     | Noticed a two-headed ogre
 12293 | D:13     | Reached skill level 1 in Spellcasting
 12298 | D:13     | Killed a centaur warrior
 12299 | D:13     | Reached skill level 1 in Translocations
 12299 | D:13     | Reached XP level 12. HP: 43/97 MP: 18/18
 12300 | D:13     | Killed a two-headed ogre
 12333 | D:13     | Noticed an anaconda
 12342 | D:13     | Killed an anaconda
 12660 | D:13     | Noticed a seven-headed hydra
 12667 | D:13     | Killed a seven-headed hydra
 12841 | D:12     | Reached skill level 10 in Ranged Weapons
 13030 | D:12     | Noticed a five-headed hydra
 13085 | D:11     | Reached skill level 5 in Spellcasting
 13856 | D:11     | Identified a scroll of acquirement
 13858 | D:11     | Acquired the +0 pair of gloves of Whack-A-Mole {Rampage
                  | +Inv rElec Dex+6}
 14009 | D:3      | Bought a scroll of magic mapping for 90 gold pieces
 14064 | D:1      | Bought a ring of protection from fire for 325 gold pieces
 14218 | Lair:1   | Entered Level 1 of the Lair of Beasts
 14528 | Lair:1   | Noticed a fire dragon
 14536 | Lair:1   | Killed a fire dragon
 15011 | Lair:2   | Found a frozen archway.
 15035 | IceCv    | Entered an ice cave
 15044 | IceCv    | Reached skill level 5 in Translocations
 15051 | IceCv    | Noticed a death yak
 15058 | IceCv    | Noticed a death yak
 15069 | IceCv    | Killed a death yak
 15070 | IceCv    | Gained mutation: You are strongly in touch with the powers
                  | of death. [Mummy growth]
 15070 | IceCv    | Reached XP level 13. HP: 97/103 MP: 22/24
 15100 | IceCv    | Reached skill level 11 in Ranged Weapons
 15442 | IceCv    | Noticed a frost giant
 15454 | IceCv    | Killed a frost giant
 16210 | Lair:2   | Reached skill level 10 in Spellcasting
 16218 | Lair:2   | You fall into a shaft and drop 2 floors!
 16523 | Lair:3   | Reached skill level 12 in Ranged Weapons
 16576 | Lair:3   | Found a hole to the Spider Nest.
 17631 | Lair:4   | Reached skill level 13 in Ranged Weapons
 18461 | Lair:5   | Entered Level 5 of the Lair of Beasts
 18507 | Lair:5   | Reached XP level 14. HP: 110/110 MP: 28/28
 18534 | Lair:5   | Reached skill level 5 in Dodging
 19396 | Lair:5   | Found a staircase to the Slime Pits.
 19414 | Lair:5   | Reached ***** piety under Makhleb
 19427 | Lair:5   | Found a viscous altar of Jiyva.
 19841 | Lair:5   | Reached skill level 14 in Ranged Weapons
 21332 | Lair:2   | Found a staircase to the Shoals.
 21542 | Lair:2   | Reached XP level 15. HP: 110/115 MP: 29/29
 22671 | D:12     | Found a staircase to the Orcish Mines.
 22779 | D:12     | Noticed Nessos
 22802 | D:12     | Killed Nessos
 23543 | D:13     | Noticed Kirke
 23550 | D:13     | Killed Kirke
 24338 | D:14     | Identified the +4 spear "Rotuaps" {antimagic, +Blink Will+
                  | Dex-2}
 24346 | D:14     | Noticed Joseph
 24351 | D:14     | Killed Joseph
 24609 | D:14     | Reached skill level 15 in Ranged Weapons
 24609 | D:14     | Reached skill level 10 in Invocations
 25055 | D:14     | Found a gate to the Vaults.
 25376 | D:14     | Reached ****** piety under Makhleb
 25510 | D:15     | Entered Level 15 of the Dungeon
 25539 | D:15     | HP: 5/115 [ettin/+0 dire flail (16)]
 25963 | D:15     | Noticed Josephine
 25971 | D:15     | Killed Josephine
 26055 | D:15     | Noticed Agnes
 26114 | D:15     | Killed Agnes
 26872 | D:15     | Found Mir Rolad's Book Boutique.
 26922 | D:15     | Found a staircase to the Depths.
 27060 | Orc:1    | Entered Level 1 of the Orcish Mines
 27061 | Orc:1    | Noticed Snorg
 27070 | Orc:1    | Killed Snorg
 27096 | Orc:1    | Reached skill level 10 in Dodging
 27102 | Orc:1    | Reached XP level 16. HP: 65/122 MP: 30/30
 27729 | Orc:2    | Entered Level 2 of the Orcish Mines
 27798 | Orc:2    | Found a gate leading to a gauntlet.
 27807 | Gauntlet | Entered a Gauntlet
 27807 | Gauntlet | Found a transporter.
 27820 | Gauntlet | Found a transporter.
 27832 | Gauntlet | Found a transporter.
 27837 | Gauntlet | Found a transporter.
 27852 | Gauntlet | Found a transporter.
 27871 | Gauntlet | Found a transporter.
 27881 | Gauntlet | Found the +4 robe of Folly {Brilliance Will-∞ Int+8}
 27883 | Gauntlet | Found a transporter.
 27895 | Gauntlet | Found a transporter.
 27907 | Gauntlet | Found a transporter.
 27919 | Gauntlet | Found a transporter.
 27954 | Gauntlet | Found a transporter.
 27954 | Gauntlet | Found a transporter.
 27974 | Gauntlet | Found a transporter.
 27996 | Gauntlet | Found a transporter.
 28054 | Gauntlet | Found a transporter.
 28074 | Gauntlet | Found a transporter.
 28101 | Gauntlet | Found a transporter.
 28101 | Gauntlet | Found a transporter.
 28292 | Gauntlet | Identified the ring "Vyetonug" {rF+ rC+ Str+4 Dex-4}
 28307 | Gauntlet | Identified the +9 broad axe "Lautz" {protect, Dex+6}
 28324 | Gauntlet | Identified the amulet of the Ant {Acrobat rElec rN++ Str-2}
 28324 | Gauntlet | Identified the +8 short sword "Eraoselu" {protect, rF- rN++
                  | Int+5}
 28415 | Orc:2    | Found a staircase to the Elven Halls.
 28885 | Orc:2    | Noticed Saint Roka
 28896 | Orc:2    | HP: 6/122 [Saint Roka/divine providence (9)]
 28898 | Orc:2    | Killed from afar by Saint Roka

Illustrated notes

Levels and vault maps discovered:
D:1:      erik_arrival_cave_to_civilisation [erik_arrival_cave_to_hall],
          layout_basic, serial_shops, shop
D:2:      layout_basic, dreamdust_ecumenical_altar_sealed_demon,
          serial_park_tiny_pond
D:3:      layout_basic, lemuel_crystal_altar, serial_shops,
          nicolae_shop_hallway_plus, nicolae_shop_behind_doors,
          nicolae_shop_hallway_plus, nicolae_shop_waterfront,
          grunt_ministairs_14, chequers_serial_rivers_micro_c
D:4:      layout_basic, demons_altar, mainiacjoe_overflow_catch_the_wave
D:5:      layout_rooms, mainiacjoe_overflow_concentric_impassable, led_sif_book,
          minmay_temple_entry_enclosed_plants, grunt_decor_one_mirror
D:6:      kennysheep_six_static_rooms, layout_basic, nemelex_dance_club_becter,
          nicolae_uskayaw_dance_hall, kennysheep_cluttered_room,
          chequers_avenue, uniq_eustachio
D:7:      layout_basic, grunt_temple_overflow_open, minmay_fractal_squares_5
D:8:      layout_loops_cross, erik_lair_orcish_takeover, uniq_pikel
D:9:      layout_roguey, minmay_increasing_density, uniq_maurice
D:10:     layout_basic, amcnicky_altar_gilded, enter_trove_5,
          kennysheep_another_room, minmay_misc_feat_hallway,
          nicolae_inconvenience_store, st_stairs_10, minmay_joined_circles
D:11:     layout_irregular_city, ebering_ghost_gozag
D:12:     layout_small_grid, david_orc_4, uniq_nessos
D:13:     layout_rooms, uniq_kirke
D:14:     minmay_diamond_stairs, layout_basic, erik_vaults_1, serial_demonic,
          serial_demonic_a, serial_demonic_b, serial_demonic_f,
          serial_demonic_g, serial_demonic_g, serial_demonic_d,
          serial_demonic_f, serial_demonic_g, serial_demonic_d,
          serial_demonic_c, grunt_decor_mini_mirrors, minmay_sticks_and_stones
D:15:     hangedman_depths_entry_civil_slaughter, layout_cave_pods,
          serial_shops, shop_statue, chequers_serial_rivers_small_3,
          uniq_josephine, uniq_agnes
Temple:   chequers_temple_sunken
Lair:1:   dragon1_lemuel, layout_hall_layers
Lair:2:   layout_gridlike, elwin_shoals_entry_stream,
          portal_ice_cave_entry_ice_simulacra, st_stairs_11, patterned_corridor
Lair:3:   layout_hall_layers, spider_nest_entry_web_field, grunt_megastairs_3
Lair:4:   layout_cellular_growth, grunt_megastairs_1
Lair:5:   hangedman_lair_caniforms_friends, layout_loops_ring,
          hangedman_lair_tendril_chambers, slime_entry_1
Orc:1:    layout_caves, uniq_snorg
Orc:2:    grunt_orc_tribal_feast, layout_diamond_mine, gauntlet_entry_generic,
          minmay_orc_treasury, uniq_saint_roka

Skill      XL: |  1  2  3  4  5  6  7  8  9 10 11 12 13 14 15 16 |
---------------+-------------------------------------------------+-----
Fighting       | 4 5 6 7 8 9 10 | 10.0
Throwing       | 1 2 3 4 |  4.0
Invocations    | 1 2 3 4 6 8 10 11 | 11.3
Ranged Weapons | 1 3 5 6 9 10 13 14 15 | 15.7
Evocations     | 1 3 4 6 |  6.0
Dodging        | 3 4 8 10 | 10.4
Spellcasting   | 1 7 10 | 10.0
Translocations | 1 5 |  5.0
Long Blades    | |  2.4
Stealth        | |  1.5

Action                   |  1- 3 |  4- 6 |  7- 9 | 10-12 | 13-15 | 16-18 || total
-------------------------+-------+-------+-------+-------+-------+-------++-------
Melee: Falchion          |    64 |   237 |       |       |       |       ||   301
       Punch             |     1 |     7 |       |       |       |       ||     8
 Fire: Arbalest          |       |    13 |   177 |   421 |   516 |   181 ||  1308
       Shortbow          |       |       |       |       |   566 |       ||   566
       Longbow           |       |       |       |       |   227 |       ||   227
Throw: Stone             |     1 |    32 |       |       |       |       ||    33
       Dart              |       |       |       |    21 |     6 |       ||    27
       Throwing net      |       |       |       |       |     1 |     1 ||     2
Invok: Minor Destruction |       |     1 |     1 |       |       |       ||     2
       Lesser Servant of |       |       |       |    19 |    34 |     5 ||    58
       Major Destruction |       |       |       |     4 |     6 |     6 ||    16
 Abil: Evoke Blink       |       |       |       |     1 |       |       ||     1
Evoke: Wand              |       |       |     3 |    15 |    30 |     6 ||    54
       Tin of tremorston |       |       |       |     2 |     2 |     2 ||     6
       Phantom mirror    |       |       |       |     1 |     3 |       ||     4
       Phial of floods   |       |       |       |       |     2 |       ||     2
  Use: Scroll            |     4 |     3 |     5 |    17 |    17 |     8 ||    54
Armor: Robe              |     8 |       |       |       |       |       ||     8
       Plate armour      |    20 |   175 |       |       |       |       ||   195
       Ring mail         |       |     4 |    13 |    16 |    22 |       ||    55
       Leather armour    |       |       |    39 |   123 |   247 |    34 ||   443
Dodge: Dodged            |    32 |    82 |    53 |   212 |   590 |   108 ||  1077
